 Dungeon Crawl Stone Soup version 0.32-a0-876-gcfddb08e57 (webtiles) character file.

Game seed: 10419534615546487098

86 Autsider the Magician (level 4, -1/24 HPs)
             Began as a Deep Elf Hedge Wizard on Apr 1, 2024.
             Slain by an ufetubus (2 damage)
             ... on level 3 of the Dungeon.
             The game lasted 00:07:31 (2949 turns).

Autsider the Magician (Deep Elf Hedge Wizard)       Turns: 2949, Time: 00:07:32

Health: -1/24      AC:  3    Str:  7    XL:     4   Next: 26%
Magic:  0/12       EV: 11    Int: 21    God:
Gold:   59         SH:  0    Dex: 14    Spells: 5/11 levels left

rFire   . . .        (no weapon)
rCold   . . .        (no shield)
rNeg    . . .        b - +0 robe
rPois   .            c - +0 hat
rElec   .            (no cloak)
rCorr   .            (no gloves)
SInv    .            i - +0 pair of boots
Will    +....        (no amulet)
Stlth   ++           (no ring)
HPRegen 0.24/turn    (no ring)
MPRegen 0.13/turn

%: no passive effects
@: enlightened, flying, very slightly contaminated
A: no striking features
a: no special abilities


You were on level 3 of the Dungeon.
You visited 1 branch of the dungeon, and saw 3 of its levels.

You collected 59 gold pieces.

Inventory:

Armour
 b - a +0 robe (worn)
 c - a +0 hat (worn)
 i - a +0 pair of boots (worn)
Talismans
 m - a flux talisman
Scrolls
 a - a scroll of brand weapon {unknown}
 g - a scroll of noise {unknown}
 j - a scroll of teleportation {unknown}
 k - a scroll of identify {unknown}
 p - a scroll of enchant armour {unknown}
 r - a scroll of amnesia {unknown}
Potions
 d - a potion of magic
 e - a potion of brilliance {unknown}
 f - 4 potions of enlightenment
 h - 3 potions of heal wounds {unknown}
 l - 4 potions of curing {unknown}
 n - 4 potions of mutation {unknown}
 o - a potion of degeneration {unknown}
 q - a potion of cancellation {unknown}


   Skills:
 - Level 2.4 Dodging
 - Level 2.4 Stealth
 - Level 4.4 Spellcasting
 + Level 2.4 Conjurations
 + Level 2.4 Summonings
 - Level 1.1 Translocations
 + Level 1.8 Air Magic
 + Level 1.9 Alchemy


You had 5 spell levels left.
You knew the following spells:

 Your Spells              Type           Power      Damage    Failure   Level
a - Magic Dart            Conj           60%        1d6       4%          1
b - Mephitic Cloud        Conj/Alch/Air  13%        N/A       14%         3
A - Call Imp              Summ           28%        N/A       6%          2

Your spell library contained the following spells:

 Spells                   Type           Power      Damage    Failure   Level
 Foxfire                  Conj/Fire      36%        2x1d5     7%          1
 Blink                    Tloc           18%        N/A       11%         2
 Cigotuvi's Dreadful Rot  Necr/Alch/Air  18%        N/A       11%         2
 Slow                     Hex            16%        N/A       12%         1
 Sublimation of Blood     Necr           4%         N/A       17%         2
 Petrify                  Alch/Erth      8%         N/A       61%         4
 Irradiate                Conj/Alch      6%         3d13      78%         5
 Plasma Beam              Fire/Air       4%         2x1d14    100%        6
 Starburst                Conj/Fire      4%         6d4       100%        6


Dungeon Overview and Level Annotations

Branches:
Dungeon (3/15)

Altars:

Shops:
D:1 =

Annotations:
D:1 exclusion: downstairs


Message History

The magic dart hits the ufetubus but does no damage.
The ufetubus hits you but does no damage.
The ufetubus barely misses you. x2; The ufetubus closely misses you.
Casting: Magic Dart (safe; 4% risk of failure)
Confirm with . or Enter, or press ? or * to list all spells.
Aiming: Magic Dart (safe; 4% risk of failure)
Press: ? - help, Shift-Dir - straight line, f/p - ufetubus
Aim: an ufetubus (100% to hit)
You miscast Magic Dart.
You are very lightly contaminated with residual magic.
Nothing appears to happen.
The ufetubus hits you.
* * * LOW HITPOINT WARNING * * *
The ufetubus hits you but does no damage.
Found a whip.
The ufetubus hits you but does no damage. x2
The ufetubus hits you.
* * * LOW HITPOINT WARNING * * *
The ufetubus hits you but does no damage.
The ufetubus hits you but does no damage.
The ufetubus hits you.
* * * LOW HITPOINT WARNING * * *
The ufetubus attacks as it pursues you!
The ufetubus hits you but does no damage. x2
The ufetubus hits you.
* * * LOW HITPOINT WARNING * * *
The ufetubus barely misses you.
It was a potion of enlightenment.
You feel very buoyant.
You fly up into the air.
The ufetubus barely misses you. x2
Casting: Magic Dart (safe; 4% risk of failure)
Confirm with . or Enter, or press ? or * to list all spells.
Aiming: Magic Dart (safe; 4% risk of failure)
Press: ? - help, Shift-Dir - straight line, f/p - ufetubus
Aim: an ufetubus (100% to hit)
The magic dart hits the ufetubus.
The ufetubus is moderately wounded.
The ufetubus hits you.
* * * LOW HITPOINT WARNING * * *
The ufetubus completely misses you. The ufetubus hits you.
You die...

.......))<#..# #.#
#.........##.###### #.#
#..†..............#######.#
##.)......##.####.........#
#........##..# ###########
#>......>.##.# #####
#..........#.########.....
########..........#.......
..........@5.#.......
.....................
###..................
#..........#.......
#..........#.......
#..........##......
############ .....) ......
......


You could see an ufetubus.

Vanquished Creatures
  An adder (D:2)
  An ufetubus (D:3)
  2 dart slugs
  3 ribbon worms
  8 orcs (D:3)
  6 ball pythons
  2 endoplasms
  2 giant cockroaches
  4 hobgoblins
  3 jackals (D:2)
  2 quokkas
  4 frilled lizards
  3 goblins
  6 kobolds
  4 rats
51 creatures vanquished.

Vanquished Creatures (collateral kills)
  A jackal (D:2)
1 creature vanquished.

Grand Total: 52 creatures vanquished

Notes
Turn   | Place    | Note
-------+----------+-------------------------------------------
     0 | D:1      | Autsider the Deep Elf Hedge Wizard began the quest for the
                  | Orb.
     0 | D:1      | Reached XP level 1. HP: 10/10 MP: 7/7
   250 | D:1      | Found Itezeaju's Jewellery Boutique.
   332 | D:1      | Reached XP level 2. HP: 13/15 MP: 1/9
   335 | D:1      | Learned a level 2 spell: Call Imp
   860 | D:1      | Reached skill level 1 in Alchemy
  1039 | D:2      | Reached skill level 1 in Air Magic
  1112 | D:2      | Reached XP level 3. HP: 18/19 MP: 1/10
  1203 | D:2      | Learned a level 3 spell: Mephitic Cloud
  2270 | D:2      | Found a faded altar of an unknown god.
  2764 | D:3      | Reached XP level 4. HP: 24/24 MP: 8/12
  2947 | D:3      | HP: 1/24 [ufetubus (3)]
  2949 | D:3      | Slain by an ufetubus

Illustrated notes

Levels and vault maps discovered:
D:1:      mrwooster_arrival_statue_2, layout_loops_ring, serial_shops, shop
D:2:      layout_loops_ring, shapermc_ecumenical_altar_mp_highgroup
D:3:      layout_rooms, minmay_checkerbox

Skill      XL: |  1  2  3 |
---------------+----------+-----
Alchemy        | 1 |  1.9
Air Magic      | 1 |  1.8
Conjurations   | 2 |  2.4
Summonings     | 2 |  2.4
Dodging        | |  2.4
Stealth        | |  2.4
Spellcasting   | |  4.4
Translocations | |  1.1

Action                     |  1- 3 |  4- 6 || total
---------------------------+-------+-------++-------
  Melee: Unarmed           |     5 |     8 ||    13
         Punch             |       |     1 ||     1
   Cast: Magic Dart        |   144 |    27 ||   171
         Call Imp          |     8 |       ||     8
    Use: Potion            |       |     1 ||     1
 Armour: Robe              |    23 |    24 ||    47
  Dodge: Dodged            |    19 |    23 ||    42

Table legend: (Time is in decaauts)
 A = Elapsed time spent in this place.
 B = Non-inter-level travel time spent in this place.
 C = Inter-level travel time spent in this place.
 D = Time resting spent in this place.
 E = Time spent auto-exploring this place.
 F = Levels seen in this place.
 G = Mean time per level.
                   A        B        C        D        E       F      G
               +--------+--------+--------+--------+--------+-----+--------+
         Total |   2948 |   2873 |     75 |    136 |   2241 |   3 |  982.7 |
       Dungeon |   2948 |   2873 |     75 |    136 |   2241 |   3 |  982.7 |
               +--------+--------+--------+--------+--------+-----+--------+

Top non-repeatable levels by time:
     D:2: 1405 daAuts
     D:1: 1026 daAuts
     D:3: 516 daAuts
